 Dungeon Crawl Stone Soup version 0.18-a0-1292-ge8ad84c (webtiles) character file.

135440 Goblin1989 the Fetichist (level 16, -1/146 HPs)
             Began as a Deep Dwarf Hunter on Feb 8, 2016.
             Was the Champion of Makhleb.
             Succumbed to a sea snake's poison
             ... on level 5 of the Lair of Beasts on Feb 9, 2016.
             The game lasted 03:05:38 (30311 turns).

Goblin1989 the Fetichist (Deep Dwarf Hunter)       Turns: 30311, Time: 03:05:38

Health: -1/146     AC: 23    Str: 15    XL:     16   Next: 64%
Magic:  10/22      EV:  9    Int: 27    God:    Makhleb [******]
Gold:   315        SH: 12    Dex: 13    Spells: 2 memorised, 4 levels left

rFire  + . .     SeeInvis .     a - +6 morningstar (holy)
rCold  + + .     Gourm    .     u - +7 Kryia's mail coat {DeviceHeal*2 rC+}
rNeg   + . .     Faith    +     H - +0 shield {rC+}
rPois  .         Spirit   .     n - +0 helmet of Restlessness {rF+ Regen+ Str-2 Int+9}
rElec  .         Dismiss  .     i - +0 cloak
rCorr  +         Reflect  .     D - +0 pair of gloves
SustAt .         Harm     .     K - +2 pair of boots
MR     +++..                    x - amulet of faith
Stlth  ..........               Q - ring of protection from magic
                                g - ring of resist corrosion

@: lethally poisoned (-1 -> -53), non-regenerating, drained, extremely resistant
to hostile enchantments, extremely unstealthy
A: damage resistance, recharge devices, deterioration 1, negative energy
resistance 1, sense surroundings 2, slow regeneration 3
a: Device Recharging, Minor Destruction, Lesser Servant of Makhleb, Major
Destruction, Greater Servant of Makhleb, Renounce Religion


You were on level 5 of the Lair of Beasts.
You worshipped Makhleb.
Makhleb was exalted by your worship.
You were not hungry.

You visited 6 branches of the dungeon, and saw 28 of its levels.
You also visited: Ice Cave and Volcano.

You collected 3030 gold pieces.
You spent 2715 gold pieces at shops.

Inventory:

Hand Weapons
 a - a +6 morningstar of holy wrath (weapon)
 V - a +1 hand crossbow of freezing
Missiles
 d - 180 bolts
 N - 13 silver bolts
 S - 12 bolts of frost
 Z - 10 bolts of flame
Armour
 i - a +0 cloak (worn)
 n - the +0 helmet of Restlessness (worn) {rF+ Regen+ Str-2 Int+9}
   (You bought it in a shop on level 2 of the Orcish Mines)

   It affects your strength (-2).
   It affects your intelligence (+9).
   It protects you from fire.
   It increases your rate of regeneration.
 u - the +7 Kryia's mail coat (worn) {DeviceHeal*2 rC+}
   (You found it on level 14 of the Dungeon)

   It protects you from cold.
 D - a +0 pair of gloves (worn)
 H - a +0 shield of cold resistance (worn)
 K - a +2 pair of boots (worn)
Rods
 b - a +3 lightning rod (9/9)
   (You bought it in a shop on level 8 of the Dungeon)
Jewellery
 g - a ring of resist corrosion (left hand)
 x - an amulet of faith (around neck)
 Q - a ring of protection from magic (right hand)
Wands
 e - a wand of heal wounds (0/9)
 R - a wand of digging (6/24)
 X - a wand of enslavement (5/24)
 Y - a wand of flame (11/48)
Scrolls
 j - 4 scrolls of remove curse
 k - a scroll of enchant armour
 l - 4 scrolls of amnesia
 r - a scroll of blinking
 s - 4 scrolls of silence
 v - 8 scrolls of teleportation
 y - a scroll of vulnerability {unknown}
 C - a scroll of brand weapon
 M - a scroll of immolation
 W - a scroll of fear
Potions
 q - 2 potions of haste
 t - 4 potions of heal wounds
 w - 6 potions of might
 z - 3 potions of flight
 E - a potion of cancellation
 I - 3 potions of resistance
 J - a potion of invisibility
 L - 2 potions of berserk rage
 O - a potion of magic {unknown}
 P - 7 potions of agility
 U - 2 potions of curing
Books
 h - the Reference Book on Conjuration
   (You found it on level 1 of the Elven Halls)

   Spells                             Type                      Level
   a - Flame Tongue                   Conjuration/Fire             1
   b - Shock                          Conjuration/Air              1
   c - Magic Dart                     Conjuration                  1
   d - Sting                          Conjuration/Poison           1
   e - Bolt of Cold                   Conjuration/Ice              6
   f - Iron Shot                      Conjuration/Earth            6
Miscellaneous
 c - a phial of floods (inert)
 G - a lantern of shadows
Comestibles
 f - 9 bread rations
 m - a chunk of flesh
 p - 4 fruits
 B - 4 royal jellies


   Skills:
 - Level 10.0(9.0) Fighting
 - Level 14.4(13.2) Maces & Flails
 - Level 4.3(3.5) Crossbows
 - Level 10.1(9.1) Armour
 - Level 2.1(1.3) Dodging
 - Level 1.2(0.4) Stealth
 * Level 14.4(13.3) Shields
 - Level 13.1(12.0) Invocations
 + Level 18.9(17.7) Evocations


You had 4 spell levels left.
You knew the following spells:

 Your Spells              Type           Power        Failure   Level  Hunger
a - Repel Missiles        Chrm/Air       #.....       71%         2    ###....
b - Tornado               Air            #.........   100%        9    #######


Dungeon Overview and Level Annotations

Branches:
Dungeon (15/15)            Temple (0/1) D:7            Lair (8/8) D:10
 Shoals (1/4) Lair:5       Spider (1/4) Lair:3        Slime (0/6) Lair:7
    Orc (2/2) D:9             Elf (1/3) Orc:2        Vaults (0/5) D:13
 Depths (0/5) D:15

Altars:
Dithmenos
Elyvilon
Gozag
Makhleb
Okawaru
Qazlal
Sif Muna
Trog
Zin
Beogh

Shops:
D:3 *   D:8 }   D:12 *   D:14 =   Orc:2 (:[!

Annotations:
D:2 Crazy Yiuf
D:10 1 runed door
Shoals:1 exclusion: orange crystal statue


Innate Abilities, Weirdness & Mutations

You are resistant to damage.
You can recharge devices by infusing magical energy.
You resist negative energy.
You passively map the area around you.
You do not regenerate naturally.
Your body sometimes deteriorates upon taking damage.


Message History

You sock the sea snake!
The sea snake is moderately wounded.
The sea snake bites you!
* * * LOW HITPOINT WARNING * * *
You hit the sea snake.
The sea snake is moderately wounded.
You block the sea snake's attack.
The sea snake bites you but does no damage.
You sock the sea snake!
The sea snake is heavily wounded.
The sea snake bites you but does no damage.
Unknown command.
You impale the sea snake!!
The sea snake is almost dead.
The sea snake bites you.
You are lethally poisoned!
The sea snake poisons you!
You miss the sea snake.
The sea snake is almost dead.
You die...

##..###P(###.....##.....#.....##
#...###P.####......+.#.#........
#....##PP....P..P...#...........
##.......((......PP....>........
#...............PP....÷........
##........P.....PP..P...........
##...........(PPP.....P..........
#.#...(......P...PP.P.P..........
##.........P..P)@.P..P..P.......#
#.#....(......PS.÷..P...##.......
#.....#(#..PP...P.P.P...#......P#
##...#.(.............P..P........
#.....(......P...PP.............
##..........PP.P...............#
#...###............####.......#
#....#.....##......###.#.......
#..............................


You could see a sea snake.

Vanquished Creatures
  Rupert (D:13)
  Kirke (D:15)
  A deep elf sorcerer (Elf:1)
  An orc warlord (Orc:2)
  A frost giant (IceCv)
  A deep elf demonologist (Elf:1)
  3 vault guards (D:13)
  13 hydras
  Erolcha (D:10)
  2 catoblepae
  2 centaur warriors
  An ogre mage (D:15)
  A deep troll shaman (Lair:8)
  7 death yaks (Lair:8)
  2 dancing weapons (Elf:1)
  Urug (D:13)
  2 orc high priests (Orc:2)
  2 wizards (D:13)
  3 sea snakes (Lair:5)
  A giant orange brain (Lair:8)
  5 unseen horrors
  3 deep elf archers (Elf:1)
  A lindwurm (Lair:8)
  A harpy (Lair:5)
  5 hill giants
  A necromancer (D:13)
  An orc knight (Orc:2)
  An orb spider (Lair:3)
  3 orc sorcerers (Orc:2)
  3 griffons
  4 ugly things
  23 deep elf magi (Elf:1)
  2 cyclopes
  2 manticores
  3 centaur zombies
  2 torpor snails
  29 elephants
  6 black mambas
  3 toenail golems (Volcano)
  A gargoyle (D:14)
  12 spiny frogs
  2 yaktaurs
  A komodo dragon (Lair:4)
  A redback zombie (D:13)
  2 demonic crawlers (Spider:1)
  4 fire drakes
  6 jumping spiders
  6 trolls
  A merfolk (Lair:5)
  A queen bee (D:9)
  15 polar bears
  A slime creature (D:10)
  5 two-headed ogres
  A boulder beetle (Spider:1)
  14 blink frogs
  A tarantella (Spider:1)
  10 redbacks
  A vampire (D:12)
  A wyvern (D:10)
  2 wraiths
  A yak (shapeshifter) (D:15)
  A fire elemental (Elf:1)
  58 yaks
  A basilisk (D:12)
  26 humans
  A hog (D:15)
  8 hippogriffs
  2 hungry ghosts
  5 vampire mosquitoes (D:14)
  34 wolves
  Grum (D:9)
  Menkaure (D:4)
  3 wargs
  Edmund (D:4)
  22 water moccasins
  12 porcupines
  3 sky beasts
  45 orc warriors
  A wasp (D:14)
  An ice beast (D:10)
  22 ogres
  7 black bears
  3 necrophages
  23 centaurs
  4 phantoms
  15 crocodiles
  3 big kobolds
  2 gnoll sergeants (D:9)
  23 giant frogs
  An earth elemental (Elf:1)
  A wyvern zombie (D:10)
  4 scorpions
  28 killer bees
  3 wights (D:11)
  2 vampire bats (D:15)
  A lava snake (Lair:4)
  4 crimson imps
  2 quasits
  5 hounds
  14 jellies
  4 centaur skeletons
  24 orc priests
  3 giant frog skeletons
  A gnoll shaman (D:4)
  29 orc wizards
  13 iguanas
  12 worker ants
  A killer bee zombie (D:6)
  A hound zombie (D:4)
  2 hound skeletons
  A worker ant zombie (D:7)
  17 gnolls
  19 adders
  29 river rats
  3 shadow imps
  14 oozes
  An adder skeleton (D:5)
  An adder zombie (D:9)
  7 worms
  4 giant geckos
  113 orcs
  5 giant cockroaches
  9 goblins
  6 hobgoblins
  15 jackals
  11 kobolds
  8 quokkas
  15 bats
  A giant gecko skeleton (D:4)
  A giant gecko zombie (D:9)
  5 giant newts
  A jackal skeleton (D:4)
  10 rats
  A fungus (Lair:5)
1014 creatures vanquished.

Vanquished Creatures (collateral kills)
  Saint Roka (Orc:2)
  A frost giant (D:15)
  2 dancing weapons (Elf:1)
  3 deep elf magi (Elf:1)
  An elephant (Lair:5)
  An ice statue (IceCv)
  2 polar bears (IceCv)
  3 yaks (IceCv)
  3 wolves (IceCv)
  2 wargs (Orc:2)
  An orc priest (Orc:2)
  An orc (Orc:2)
21 creatures vanquished.

Vanquished Creatures (others)
  Sonja (Lair:3)
  6 humans (D:15)
  A hound (D:9)
  An orc wizard (D:13)
  3 river rats (Lair:7)
  An orc (D:9)
  A quokka (D:5)
  28 fungi
  13 plants
55 creatures vanquished.

Grand Total: 1090 creatures vanquished

Notes
Turn   | Place    | Note
--------------------------------------------------------------
     0 | D:1      | Goblin1989 the Deep Dwarf Hunter began the quest for the Orb.
     0 | D:1      | Reached XP level 1. HP: 19/19 MP: 1/1
   213 | D:1      | Reached XP level 2. HP: 17/27 MP: 2/2
   678 | D:2      | Reached skill level 1 in Evocations
   800 | D:2      | Found a burning altar of Makhleb.
   800 | D:2      | Noticed a crimson imp
   874 | D:2      | Reached XP level 3. HP: 25/33 MP: 4/4
   948 | D:2      | Became a worshipper of Makhleb the Destroyer
  1242 | D:2      | Found a bloodstained altar of Trog.
  1342 | D:2      | Found a shadowy altar of Dithmenos.
  1380 | D:2      | Reached XP level 4. HP: 35/40 MP: 5/5
  1682 | D:2      | Noticed Crazy Yiuf
  1856 | D:3      | Reached * piety under Makhleb
  1904 | D:3      | Found Zin's Purification Station.
  1909 | D:3      | Found a glowing silver altar of Zin.
  2222 | D:3      | Reached XP level 5. HP: 37/46 MP: 7/7
  2685 | D:4      | Noticed a phantom
  2742 | D:4      | Killed a phantom
  2757 | D:4      | Reached XP level 6. HP: 38/55 MP: 8/8
  2848 | D:4      | Noticed Edmund
  2918 | D:4      | Killed Edmund
  2918 | D:4      | Reached skill level 5 in Maces & Flails
  2996 | D:4      | Reached skill level 5 in Evocations
  2996 | D:4      | Reached XP level 7. HP: 23/61 MP: 9/9
  3086 | D:4      | Reached ** piety under Makhleb
  3218 | D:4      | Found a deep blue altar of Sif Muna.
  3355 | D:4      | Reached skill level 6 in Maces & Flails
  3513 | D:4      | Noticed Menkaure
  3556 | D:4      | Killed Menkaure
  3556 | D:4      | Reached skill level 7 in Maces & Flails
  3677 | D:5      | Entered Level 5 of the Dungeon
  3701 | D:4      | Reached XP level 8. HP: 54/68 MP: 6/8
  3825 | D:5      | Reached *** piety under Makhleb
  3825 | D:5      | Reached skill level 8 in Maces & Flails
  3845 | D:5      | Found a white marble altar of Elyvilon.
  4343 | D:6      | Reached skill level 9 in Maces & Flails
  4379 | D:6      | Gained mutation: You passively map the area around you. [Deep Dwarf growth]
  4379 | D:6      | Reached XP level 9. HP: 47/74 MP: 10/10
  4843 | D:6      | Reached skill level 10 in Maces & Flails
  4843 | D:6      | Reached **** piety under Makhleb
  5092 | D:7      | Found an opulent altar of Gozag.
  5348 | D:7      | Found a staircase to the Ecumenical Temple.
  5517 | D:7      | Found an iron altar of Okawaru.
  5555 | D:7      | Reached skill level 10 in Evocations
  5800 | D:8      | Found Ynejuliq's Gadget Shop.
  5849 | D:8      | Bought a wand of iceblast (8/15) for 156 gold pieces
  5932 | D:8      | Reached skill level 5 in Fighting
  5949 | D:8      | Reached XP level 10. HP: 52/88 MP: 11/11
  6638 | D:8      | Reached skill level 11 in Evocations
  6698 | D:8      | HP: 3/91 [acid (4)]
  6703 | D:8      | Reached ***** piety under Makhleb
  7168 | D:9      | Noticed a hill giant
  7172 | D:9      | Killed a hill giant
  7438 | D:9      | Noticed Grum
  7449 | D:9      | Reached skill level 12 in Evocations
  7473 | D:9      | Killed Grum
  7574 | D:9      | Found a stormy altar of Qazlal.
  7824 | D:9      | Reached XP level 11. HP: 62/104 MP: 13/13
  8166 | D:9      | Reached skill level 1 in Armour
  8232 | D:9      | Found a staircase to the Orcish Mines.
  8240 | D:9      | Reached ****** piety under Makhleb
  8447 | D:10     | Entered Level 10 of the Dungeon
  8587 | D:10     | Noticed Erolcha
  8595 | D:10     | Killed Erolcha
  8701 | D:10     | Found a runed door.
  8832 | D:10     | Noticed a hill giant
  8849 | D:10     | Killed a hill giant
  8849 | D:10     | Reached skill level 10 in Fighting
  8849 | D:10     | Reached skill level 5 in Armour
  8878 | D:10     | Reached skill level 13 in Evocations
  8903 | D:10     | Reached skill level 1 in Invocations
  8916 | D:10     | Found a staircase to the Lair.
  8947 | D:10     | Identified a scroll of acquirement
  9148 | D:10     | Killed an unseen horror
  9148 | D:10     | Reached skill level 1 in Shields
  9300 | Lair:1   | Entered Level 1 of the Lair of Beasts
  9527 | Lair:1   | Reached XP level 12. HP: 97/116 MP: 14/14
  9767 | Lair:1   | Noticed an eight-headed hydra
  9802 | Lair:1   | Killed an eight-headed hydra
 10278 | Lair:2   | Noticed an eight-headed hydra
 10432 | Lair:2   | Reached skill level 5 in Shields
 10452 | Lair:2   | an eight-headed hydra changed into a griffon
 10958 | Lair:3   | Learned a level 2 spell: Repel Missiles
 11110 | Lair:3   | Noticed Sonja
 11123 | Lair:3   | Killed Sonja
 11240 | Lair:3   | Found a hole to the Spider Nest.
 11325 | Lair:3   | Reached skill level 5 in Invocations
 11451 | Lair:3   | Got a smoking cloak
 11462 | Lair:3   | Identified the cursed -6 cloak of the Gravedigger {Dex+2} (You found it on level 3 of the Lair of Beasts)
 11579 | Lair:3   | Learned a level 9 spell: Tornado
 12442 | Lair:4   | Noticed a five-headed hydra
 12468 | Lair:4   | Killed a five-headed hydra
 12468 | Lair:4   | Reached skill level 14 in Evocations
 12622 | Lair:4   | Noticed a four-headed hydra
 12660 | Lair:4   | Killed a four-headed hydra
 12660 | Lair:4   | Reached XP level 13. HP: 115/123 MP: 16/16
 12979 | Lair:5   | Found a staircase to the Shoals.
 13347 | Lair:5   | Reached skill level 10 in Armour
 14857 | Lair:7   | Found a dark tunnel.
 14863 | Volcano  | Entered a volcano
 15223 | Lair:7   | Reached skill level 15 in Evocations
 15726 | Lair:7   | Found a staircase to the Slime Pits.
 15756 | Lair:8   | Entered Level 8 of the Lair of Beasts
 15934 | Lair:8   | Gained mutation: You resist negative energy. [Deep Dwarf growth]
 15934 | Lair:8   | Reached XP level 14. HP: 132/132 MP: 18/18
 16321 | Lair:8   | Reached skill level 10 in Invocations
 16957 | Lair:8   | Reached skill level 16 in Evocations
 17461 | D:8      | Bought a +3 lightning rod (9/9) for 1105 gold pieces
 17486 | Orc:1    | Entered Level 1 of the Orcish Mines
 17686 | Orc:2    | Entered Level 2 of the Orcish Mines
 17686 | Orc:2    | Noticed Saint Roka
 18624 | D:12     | Found Anarojum's Assorted Antiques.
 19226 | D:13     | Noticed Urug
 19378 | D:13     | Found a frozen archway.
 19387 | IceCv    | Entered an ice cave
 19483 | IceCv    | Reached XP level 15. HP: 88/138 MP: 20/20
 19896 | IceCv    | Noticed a frost giant
 19915 | IceCv    | Killed a frost giant
 20307 | D:13     | Gained mutation: You have a pair of small horns on your head. [potion of beneficial mutation]
 20308 | D:13     | Gained mutation: You have large cloven feet. [potion of beneficial mutation]
 20322 | D:13     | Killed Urug
 20641 | D:13     | Noticed Rupert
 20646 | D:13     | Killed Rupert
 20646 | D:13     | Reached skill level 17 in Evocations
 20958 | D:13     | Gained mutation: Your spells are a little harder to cast, but a little more powerful. [potion of beneficial mutation]
 20959 | D:13     | Gained mutation: Your muscles are strong. (Str +2) [potion of beneficial mutation]
 20964 | D:13     | Found a gate to the Vaults.
 21841 | Lair:2   | Reached skill level 10 in Shields
 22746 | D:14     | Found Suwiocof's Jewellery Shoppe.
 22883 | D:15     | Entered Level 15 of the Dungeon
 23017 | D:15     | Noticed Kirke
 23040 | D:15     | Noticed a sphinx
 23041 | D:15     | Killed Kirke
 23128 | D:15     | Identified the Papyrus of Malediction (You found it on level 15 of the Dungeon)
 23437 | D:15     | Found a staircase to the Depths.
 23437 | D:15     | Noticed a frost giant
 23446 | D:15     | Killed a frost giant
 24197 | Spider:1 | Entered Level 1 of the Spider Nest
 24743 | D:12     | Bought a runed plate armour for 828 gold pieces
 24914 | Orc:2    | Killed Saint Roka
 25062 | Orc:2    | Reached XP level 16. HP: 42/146 MP: 21/21
 25121 | Orc:2    | Found a staircase to the Elven Halls.
 25189 | Orc:2    | Reached skill level 18 in Evocations
 25208 | Orc:2    | Upgraded the game from 0.18-a0-1285-g60d00e1 to 0.18-a0-1292-ge8ad84c
 25242 | Orc:2    | Found a roughly hewn altar of Beogh.
 25255 | Orc:2    | Found Tossoamn's Distillery.
 25262 | Orc:2    | Bought a potion of cure mutation for 360 gold pieces
 25361 | Orc:2    | Found a roughly hewn altar of Beogh.
 25412 | Orc:2    | Found Noillaf's Book Emporium.
 25900 | Orc:2    | Found Cunomn's Antique Weapon Shop.
 25900 | Orc:2    | Found a roughly hewn altar of Beogh.
 25907 | Orc:2    | Found Xiadicw's Antique Armour Boutique.
 25922 | Orc:2    | Lost mutation: Your spells are a little harder to cast, but a little more powerful. [potion of cure mutation]
 25922 | Orc:2    | Lost mutation: Your muscles are strong. (Str +2) [potion of cure mutation]
 25922 | Orc:2    | Lost mutation: You have large cloven feet. [potion of cure mutation]
 25922 | Orc:2    | Lost mutation: You have a pair of small horns on your head. [potion of cure mutation]
 25963 | Orc:2    | Found a roughly hewn altar of Beogh.
 25999 | Orc:2    | Found a roughly hewn altar of Beogh.
 26162 | Orc:2    | Found a roughly hewn altar of Beogh.
 26539 | Orc:2    | Bought a warped helmet for 266 gold pieces
 26546 | Orc:2    | Identified the +0 helmet of Restlessness {rF+ Regen+ Str-2 Int+9} (You bought it in a shop on level 2 of the Orcish Mines)
 26792 | Shoals:1 | Entered Level 1 of the Shoals
 27086 | Elf:1    | Entered Level 1 of the Elven Halls
 27519 | Elf:1    | Gained mutation: Your body sometimes deteriorates upon taking damage. [a neqoxec]
 28432 | Elf:1    | Identified the Reference Book on Conjuration
 30258 | Lair:5   | HP: 5/146 [merfolk/trident (5)]
 30307 | Lair:5   | HP: 4/146 [sea snake (11)]
 30311 | Lair:5   | Succumbed to a sea snake's poison

Vault maps used:
D:1:      erik_arrival_blinker_ship, kennysheep_another_room
D:2:      grunt_dithmenos_smoke_and_mirrors, lightli_temple_of_fire,
          makhleb_grotto_becter, grunt_ministairs_8, uniq_crazy_yiuf_cottage
D:3:      zin_purify
D:4:      kennysheep_mini_moat, interstate_on_off, uniq_edmund, uniq_menkaure
D:5:      elyvilon_altar_4, first_bread
D:7:      black_bear_nest_1, okawaru_humans, minmay_temple_entry_hall,
          grunt_gozag_breadcrumbs
D:8:      serial_shops, nicolae_shop_trees
D:9:      minmay_imperfect_grid, nicolae_qazlal_general_emergency,
          kennysheep_orc_monster_closet_entryway, david_nohive_1, uniq_grum
D:10:     lemuel_slime, due_lair_maze_entry_diamond, wad_hexagon, uniq_erolcha
D:12:     serial_shops, nicolae_shop_overgrown_old_shop, serial_park_tiny_2
D:13:     grunt_vaults_entry_tiered, portal_ice_cave_entry_pillars_01,
          uniq_rupert, uniq_urug
D:14:     hex_medium, serial_shops, shop, minmay_misc_feat_more_columns,
          kennysheep_island_fort
D:15:     grunt_enter_depths_snipers, roderic_batcave, uniq_kirke
Lair:1:   serial_bayou, serial_bayou_shore_b, serial_bayou_shore_a,
          serial_bayou_pond_b, serial_bayou_shore_b
Lair:3:   nicolae_spider_entry_tight_spaces, uniq_sonja
Lair:5:   minmay_shoals_entry_centaurs
Lair:7:   dpeg_slime_entry_corner, nicolae_volcano_entry_s_turn, minivault_11,
          infiniplex_staircase_pool
Lair:8:   grunt_lair_end_beastmaster, serial_forest,
          infiniplex_forest_clump_diagonal, infiniplex_forest_end_2,
          infiniplex_forest_clump_medium, infiniplex_forest_clump_double,
          infiniplex_forest_straight_2, infiniplex_forest_straight_4,
          infiniplex_forest_3_way, infiniplex_forest_clump_curved,
          infiniplex_forest_clump_cross, infiniplex_forest_split
Shoals:1: serial_shops, shop, dpeg_stationary_puzzle, uniq_nikola
Spider:1: uniq_azrael
Orc:2:    grunt_orc_community_town_hall, grunt_orc_community_big_house_2,
          grunt_orc_community_big_house_2, grunt_orc_community_house_2,
          grunt_orc_community_house_2, grunt_orc_community_house_3,
          grunt_orc_community_house_3, uniq_saint_roka
Elf:1:    minmay_elf_annihilation
IceCv:    ice_cave_small_giant
Volcano:  volcano_bunker

Action                   |  1- 3 |  4- 6 |  7- 9 | 10-12 | 13-15 | 16-18 || total
-------------------------+-------+-------+-------+-------+-------+-------++-------
Melee: Short sword       |    55 |       |       |       |       |       ||    55
       Whip              |   202 |   368 |       |    91 |       |       ||   661
       Dagger            |    12 |       |       |       |       |       ||    12
       Flail             |       |     9 |   470 |   309 |       |       ||   788
       Morningstar       |       |       |       |   604 |  1745 |   559 ||  2908
       Rod               |       |       |       |       |       |     2 ||     2
 Fire: Hand crossbow     |    13 |    32 |    26 |    17 |     2 |     3 ||    93
Invok: Lesser Servant of |       |       |       |     1 |     1 |       ||     2
       Greater Servant o |       |       |       |       |     6 |     2 ||     8
 Abil: Device Recharging |       |     1 |     5 |     1 |       |       ||     7
Evoke: Wand              |     2 |     6 |    28 |    95 |    75 |    16 ||   222
       Rod               |       |       |       |       |     9 |    45 ||    54
       Phial of floods   |       |       |       |       |       |     1 ||     1
  Use: Potion            |     1 |     3 |     5 |       |     6 |     6 ||    21
       Scroll            |       |       |    12 |    21 |    15 |       ||    48
 Stab: Sleeping          |       |     1 |       |       |       |       ||     1
       Paralysed         |       |       |       |    51 |     9 |       ||    60
       Confused          |       |       |       |     1 |     5 |       ||     6
       Distracted        |       |       |       |     1 |     1 |       ||     2
  Eat: Chunk             |     2 |     5 |     7 |    21 |    34 |    12 ||    81
       Meat ration       |       |       |     2 |       |       |       ||     2
       Bread ration      |       |       |     1 |     2 |       |       ||     3
       Royal jelly       |       |       |       |     2 |     2 |     2 ||     6
       Fruit             |       |       |       |       |     8 |       ||     8
